 Dungeon Crawl Stone Soup version 0.31.0-12-g77e489cdc1 (webtiles) character file.

Game seed: 6355787845577555800

58 BlackCrag the Conjurer (level 3, -9/19 HPs)
             Began as a Deep Elf Conjurer on Mar 3, 2024.
             Killed from afar by an orc wizard (14 damage)
             ... with a puff of flame
             ... on level 2 of the Dungeon.
             The game lasted 00:06:07 (1812 turns).

BlackCrag the Conjurer (Deep Elf Conjurer)          Turns: 1812, Time: 00:06:08

Health: -9/19      AC:  2    Str:  4    XL:     3   Next: 75%
Magic:  2/10       EV: 12    Int: 24    God:
Gold:   40         SH:  0    Dex: 13    Spells: 6/9 levels left

rFire   . . .        f - +0 dagger
rCold   . . .        (no shield)
rNeg    . . .        a - +0 robe
rPois   .            (no helmet)
rElec   .            (no cloak)
rCorr   .            (no gloves)
SInv    .            (no boots)
Will    .....        (no amulet)
Stlth   ++           (no ring)
HPRegen 0.23/turn    (no ring)
MPRegen 0.12/turn

%: no passive effects
@: no status effects
A: no striking features
a: no special abilities


You were on level 2 of the Dungeon.
You visited 1 branch of the dungeon, and saw 2 of its levels.

You collected 40 gold pieces.

Inventory:

Hand Weapons
 f - a +0 dagger (weapon)
Missiles
 e - 2 boomerangs
Armour
 a - a +0 robe (worn)
Scrolls
 c - a scroll of identify {unknown}
 d - 2 scrolls of noise {unknown}
Potions
 b - a potion of magic
 g - a potion of degeneration {unknown}
 h - 2 potions of ambrosia {unknown}
 i - 2 potions of brilliance {unknown}


   Skills:
 + Level 2.6 Dodging
 + Level 2.6 Stealth
 * Level 3.6 Spellcasting
 * Level 5.5 Conjurations


You had 6 spell levels left.
You knew the following spells:

 Your Spells              Type           Power      Damage    Failure   Level
a - Magic Dart            Conj           100%       1d8       1%          1
b - Searing Ray           Conj           62%        2d6       1%          2

Your spell library contained the following spells:

 Spells                   Type           Power      Damage    Failure   Level
 Fulminant Prism          Conj/Alch      8%         3d7       32%         4
 Iskenderun's Mystic Bla  Conj/Tloc      17%        2d5       32%         4


Dungeon Overview and Level Annotations

Branches:
Dungeon (2/15)

Altars:


Message History

The searing ray hits the orc.
The orc is heavily wounded. (Press . to maintain the ray.)
The searing ray hits the orc!
You kill the orc!
The searing ray hits the orc!
You kill the orc!
You hear some strange, mumbled words.
Something tries to affect you, but you resist.
The searing ray hits something.
You finish channelling your searing ray.
Casting: Searing Ray (safe; 1% risk of failure)
Confirm with . or Enter, or press ? or * to list all spells.
Aiming: Magic Dart (safe; 1% risk of failure)
Press: ? - help, Shift-Dir - straight line The magic dart hits something.
You hear some strange, mumbled words.
You are confused.
You're too confused to move!
You hear some strange, mumbled words.
Something tries to affect you, but you resist.
A magic dart appears from out of thin air!
The magic dart hits you!
You feel less confused. Something hits you.
There is an open door here.
A puff of flame appears from out of thin air!
The puff of flame hits you.
Casting: Magic Dart (safe; 1% risk of failure)
Confirm with . or Enter, or press ? or * to list all spells.
Aiming: Magic Dart (safe; 1% risk of failure)
Press: ? - help, Shift-Dir - straight line The magic dart hits something.
A magic dart appears from out of thin air!
The magic dart hits you.
* * * LOW HITPOINT WARNING * * *
A puff of flame appears from out of thin air!
The puff of flame hits you!
Ouch! That really hurt!
You die...

....###..................'.......
...## ##..#########...####.......
#...###...# #.........# #......
####.#.##.# #.######..# ##.....
##.###.# #(# #.....# ##...# ###
#.# #.# #.##.#########'## #.# #.#
#.##.#.........# ### #.#
#.###.##.#.#...##..# ..## #.#
#...@...{....#.....# ...######.#
##########.#...##...# ..........#
#.#####..#.. ...######## #.#
##...# ...# #.. .>.## ##.# ###
##. #.# #.# ..#


There were no monsters in sight!

Vanquished Creatures
  A dart slug (D:1)
  4 orcs (D:2)
  5 ball pythons
  6 endoplasms
  4 giant cockroaches (D:1)
  6 hobgoblins
  4 jackals (D:1)
  3 kobolds
  2 quokkas
  2 bats (D:1)
  4 frilled lizards (D:1)
  A goblin (D:2)
  2 rats (D:1)
44 creatures vanquished.

Notes
Turn   | Place    | Note
-------+----------+-------------------------------------------
     0 | D:1      | BlackCrag the Deep Elf Conjurer began the quest for the
                  | Orb.
     0 | D:1      | Reached XP level 1. HP: 10/10 MP: 6/6
   255 | D:1      | Reached XP level 2. HP: 15/15 MP: 5/8
   284 | D:1      | Learned a level 2 spell: Searing Ray
   421 | D:1      | Reached skill level 5 in Conjurations
   782 | D:1      | Reached XP level 3. HP: 19/19 MP: 6/9
  1812 | D:2      | Killed from afar by an orc wizard

Illustrated notes

Levels and vault maps discovered:
D:1:      lemuel_arrival_lava_pool, layout_basic
D:2:      layout_loops_corners

Skill      XL: |  1  2 |
---------------+-------+-----
Conjurations   | 5 |  5.5
Dodging        | |  2.6
Stealth        | |  2.6
Spellcasting   | |  3.6

Action                     || total
---------------------------++-------
   Cast: Magic Dart        ||    81
         Searing Ray       ||     3
 Armour: Robe              ||     9
  Dodge: Dodged            ||     8
